 Dungeon Crawl Stone Soup version 0.28-a0-1387-g3a22ab9bdc (webtiles) character file.

Game seed: 647721626370927347

8187 bjtr the Arsonist (level 11, -2/113 HPs)
             Began as an Ogre Fire Elementalist on Jan 3, 2022.
             Was a Believer of Vehumet.
             Slain by a boulder beetle (12 damage)
             ... on level 11 of the Dungeon.
             The game lasted 01:17:17 (12027 turns).

bjtr the Arsonist (Ogre Fire Elementalist)         Turns: 12027, Time: 01:17:18

Health: -2/113     AC:  6    Str: 14    XL:     11   Next: 26%
Magic:  10/24      EV: 29    Int: 26    God:    Vehumet [**....]
Gold:   648        SH:  0    Dex:  9    Spells: 12/29 levels left

rFire   + . .      SeeInvis .   a - +2 giant spiked club
rCold   + . .      Faith    .   (shield currently unavailable)
rNeg    . . .      Spirit   .   H - +0 steam dragon scales
rPois   .          Reflect  .   (helmet restricted)
rElec   .          Harm     .   e - scarf {rC+ rF+}
rCorr   .          Rampage  .   (gloves unavailable)
Will    +....                   (boots unavailable)
Stlth   +.........              U - amulet of the acrobat
HPRegen 0.28/turn               G - +6 ring of intelligence
MPRegen 0.19/turn               J - +4 ring of evasion

@: confused, mighty, ambrosia-drunk, acrobatic
A: large, unfitting armour, tough skin 1
a: Renounce Religion


You were on level 11 of the Dungeon.
You worshipped Vehumet.
Vehumet was pleased with you.
You visited 2 branches of the dungeon, and saw 12 of its levels.

You collected 648 gold pieces.

Inventory:

Hand Weapons
 a - a +2 giant spiked club (weapon)
 b - the +4 hunting sling of Starshine {venom, Int+4}
   (You found it on level 4 of the Dungeon)

   Any ammunition fired from it poisons the flesh of those it strikes.
   Int:       It affects your intelligence (+4).
 h - a +2 antimagic trident
 m - the +7 whip of Watchfulness {distort, rC+++ Will++ Dex-2 Stlth+}
   (You found it on level 4 of the Dungeon)

   It warps and distorts space around it, and may blink, banish, or inflict
   extra damage upon those it strikes.
   Unwielding it can cause banishment or high damage.
   Dex:       It affects your dexterity (-2).
   rC:        It renders you almost immune to cold.
   Will:      It greatly increases your willpower.
   Stlth:     It makes you more stealthy.
 o - a +0 lajatang of venom
 s - a +2 quarterstaff of chaos
 u - the +6 hunting sling of Ethereal Integrity {freeze, rElec}
   (You found it on level 10 of the Dungeon)

   Any ammunition fired from it freezes those it strikes, dealing additional
   cold damage.
   It can also slow down cold-blooded creatures.
   rElec:     It insulates you from electricity.
 K - the +0 whip of Ambiguity {vorpal, Int+3}
   (You found it on level 7 of the Dungeon)

   It inflicts extra damage upon your enemies.
   Int:       It affects your intelligence (+3).
 M - a +0 hand crossbow
 O - a +4 halberd of freezing
 P - a +1 vorpal falchion
 R - the +3 quarterstaff of Balance {vorpal, rF+ rN+ Int-5 SInv}
   (You found it on level 8 of the Dungeon)

   It inflicts extra damage upon your enemies.
   Int:       It affects your intelligence (-5).
   rF:        It protects you from fire.
   rN:        It protects you from negative energy.
   SInv:      It lets you see invisible.
 X - a +0 executioner's axe
 Z - a +0 war axe of flaming
Missiles
 f - 340 stones
 k - 38 bolts
 l - 4 large rocks
 r - 53 sling bullets
Armour
 e - a scarf of resistance (worn)
 q - an orb of light
 z - a +0 tower shield
 F - a +0 cloak
 H - +0 steam dragon scales (worn)
 T - an orb of mayhem
Jewellery
 p - a ring of fire
 t - an amulet of magic regeneration
 G - a +6 ring of intelligence (left hand)
 J - a +4 ring of evasion (right hand)
 L - a ring of poison resistance
 U - an amulet of the acrobat (around neck)
 V - a ring of see invisible
Wands
 B - a wand of flame (38)
 D - a wand of iceblast (25)
 I - a wand of acid (8)
 S - a wand of mindburst (7)
Scrolls
 i - 3 scrolls of immolation
 n - a scroll of fear
 w - 4 scrolls of identify
 A - 3 scrolls of teleportation
 Q - a scroll of silence
Potions
 c - 2 potions of attraction
 g - 2 potions of cancellation
 v - 3 potions of flight
 C - a potion of brilliance
 E - a potion of lignification


   Skills:
 + Level 8.8 Fighting
 * Level 0.9 Maces & Flails
 + Level 3.5 Dodging
 - Level 1.4 Stealth
 + Level 9.8 Spellcasting
 + Level 3.3 Conjurations
 + Level 11.5 Fire Magic


You had 12 spell levels left.
You knew the following spells:

 Your Spells              Type           Power      Damage    Failure   Level
a - Foxfire               Conj/Fire      100%       2x1d9     1%          1
b - Scorch                Fire           100%       2d10      1%          2
c - Flame Wave            Conj/Fire      51%        2d9       2%          4
d - Inner Flame           Hex/Fire       42%        N/A       1%          3
e - Conjure Flame         Conj/Fire      51%        6-21      1%          3
f - Iskenderun's Mystic   Conj/Tloc      21%        2d6       24%         4

Your spell library contained the following spells:

 Spells                   Type           Power      Damage    Failure   Level
 Magic Dart               Conj           100%       1d8       1%          1
 Passwall                 Tmut/Erth      10%        N/A       7%          2
 Tukima's Dance           Hex            12%        N/A       14%         3
 Passage of Golubria      Tloc           12%        N/A       43%         4
 Yara's Violent Unravell  Hex/Tmut       6%         3d5       78%         5
 Lehudib's Crystal Spear  Conj/Erth      10%        10d4      100%        8


Dungeon Overview and Level Annotations

Branches:
Dungeon (11/15)            Temple (1/1) D:5            Lair (0/6) D:11
    Orc (0/2) D:9

Altars:
Ashenzari
Cheibriados
Dithmenos
Elyvilon
Fedhas
Gozag
Hepliaklqana
Kikubaaqudgha
Makhleb
Nemelex Xobeh
Okawaru
Qazlal
Ru
Sif Muna
Trog
Uskayaw
Vehumet
Wu Jian
Xom
Yredelemnul
Zin
The Shining One

Shops:
D:3 ?   D:4 =**=

Portals:
Trove: D:10 (give 8 potions of haste)

Annotations:
D:9 2 transporters, blank1's ghost, journeyman DEFE
D:10 3 runed translucent doors, strifetoe's ghost, journeyman MiAK
D:11 exclusion: oklob plant


Innate Abilities, Weirdness & Mutations

You are too large for most types of armour.
You have tough skin. (AC +1)


Message History

As you read the scroll of fear, it crumbles to dust.
You assume a fearsome visage.
The boulder beetle resists with some effort.
The boulder beetle bites you!!
You feel very mighty all of a sudden.
The boulder beetle completely misses you.
You hit the boulder beetle but do no damage.
The boulder beetle is lightly wounded.
You are no longer corroded.
The boulder beetle barely misses you. x2
You hit the boulder beetle.
The boulder beetle is lightly wounded.
The boulder beetle barely misses you. x2
You puncture the boulder beetle!
The boulder beetle is lightly wounded.
The boulder beetle bites you. The boulder beetle bites you!
* * * LOW HITPOINT WARNING * * *
Your magical contamination has completely faded away.
The boulder beetle curls into a ball and begins rolling!
The boulder beetle completely misses you.
The boulder beetle stops rolling and uncurls.
There is a stone staircase leading up here.
Casting: Flame Wave (mildly dangerous; 2% risk of failure)
Confirm with . or Enter, or press ? or * to list all spells.
You erupt in a blast of force!
The mystic blast hits the boulder beetle but does no damage.
The boulder beetle is lightly wounded.
The boulder beetle bites you.
* * * LOW HITPOINT WARNING * * *
Casting: Iskenderun's Mystic Blast (dangerous; 24% risk of failure)
Confirm with . or Enter, or press ? or * to list all spells.
You don't have enough magic to cast this spell.
Unknown command.
Okay, then.
You are confused.
You feel invigorated. The boulder beetle bites you!!
* * * LOW HITPOINT WARNING * * *
Unknown command.
The boulder beetle bites you!
You die...

#...D....#
##[.# ####..###
######.......#
#....'.......#
#..####.......#
#.......#
#...B...#
#...@...#
#.......#
#.......#
#.......#
#########


You could see a boulder beetle.

Vanquished Creatures
  A two-headed ogre (D:9)
  Pikel (D:6)
  A cyclops (D:10)
  Maurice (D:8)
  Joseph (D:7)
  Maggie (D:7)
  2 komodo dragons
  A hornet (D:9)
  A wraith (D:10)
  A basilisk (D:11)
  9 yaks (D:9)
  An acid dragon (D:11)
  Duvessa (D:6)
  A swamp drake (D:9)
  2 ice beasts
  2 orc warriors (D:9)
  A sky beast (D:8)
  A black bear (D:7)
  A necrophage (D:7)
  An ogre (D:7)
  4 centaurs
  A phantom (D:5)
  4 lemures (D:6)
  A kobold brigand (D:9)
  A wyvern zombie (D:5)
  5 bullfrogs
  2 scorpions
  Dowan (D:6)
  3 wights (D:7)
  An electric eel (D:8)
  3 hounds
  2 jellies
  5 centaur zombies
  3 orc priests
  Crazy Yiuf (D:7)
  A centaur skeleton (D:3)
  A bullfrog skeleton (D:6)
  2 iguanas
  13 orc wizards
  2 hound skeletons
  A howler monkey zombie (D:10)
  7 gnolls
  7 adders
  A hound simulacrum (D:3)
  A white imp (D:6)
  4 worms
  2 dart slugs (D:2)
  The ghost of ASSMAN the Sneak, a weakling DEDe (D:3)
  2 adder simulacra (D:3)
  43 orcs
  8 ball pythons
  10 endoplasms
  3 giant cockroaches
  5 goblins
  7 hobgoblins
  7 kobolds
  3 bats (D:1)
  4 frilled lizards
  2 quokka simulacra (D:3)
  4 rats
209 creatures vanquished.

Vanquished Creatures (others)
  358 foxfires
358 creatures vanquished.

Grand Total: 567 creatures vanquished

Notes
Turn   | Place    | Note
-------+----------+-------------------------------------------
     0 | D:1      | bjtr the Ogre Fire Elementalist began the quest for the
                  | Orb.
     0 | D:1      | Reached XP level 1. HP: 16/16 MP: 3/3
   146 | D:1      | Reached skill level 1 in Fighting
   179 | D:1      | Reached skill level 3 in Fire Magic
   196 | D:1      | Reached XP level 2. HP: 27/27 MP: 0/5
   253 | D:1      | Learned a level 2 spell: Scorch
   522 | D:1      | Reached skill level 1 in Conjurations
   862 | D:1      | Reached XP level 3. HP: 33/33 MP: 2/6
  1411 | D:2      | Reached XP level 4. HP: 42/42 MP: 3/8
  2007 | D:2      | Learned a level 4 spell: Flame Wave
  2053 | D:3      | Found Zinefi's Magic Scroll Boutique.
  2112 | D:3      | Found a runed translucent gate.
  2113 | D:3      | Found a runed translucent gate.
  2114 | D:3      | Found a runed translucent gate.
  2279 | D:3      | Found a hazy altar of Hepliaklqana.
  2292 | D:3      | Found a faded altar of an unknown god.
  2299 | D:3      | Reached XP level 5. HP: 50/50 MP: 2/9
  2485 | D:3      | Noticed ASSMAN's ghost (weakling DEDe)
  2522 | D:3      | Killed ASSMAN's ghost
  2523 | D:3      | Reached skill level 4 in Fire Magic
  3293 | D:4      | Reached XP level 6. HP: 48/61 MP: 2/11
  3535 | D:4      | Found Tiodye's Jewellery Boutique.
  3572 | D:4      | Identified the +4 hunting sling of Starshine {venom, Int+4}
  3632 | D:4      | Identified the +7 whip of Watchfulness {distort, rC+++
                  | Will++ Dex-2 Stlth+}
  3812 | D:4      | Found Luir's General Store.
  4106 | D:4      | Found Ymi Del's General Store.
  4155 | D:4      | Found Tiruomm's Jewellery Emporium.
  4216 | D:4      | Reached skill level 5 in Fire Magic
  4347 | D:5      | Entered Level 5 of the Dungeon
  4457 | D:5      | Reached XP level 7. HP: 56/68 MP: 8/13
  4609 | D:5      | Found a staircase to the Ecumenical Temple.
  4618 | Temple   | Entered the Ecumenical Temple
  4667 | Temple   | Became a worshipper of Vehumet
  5425 | D:6      | Reached skill level 6 in Fire Magic
  5501 | D:6      | Reached skill level 5 in Spellcasting
  5761 | D:6      | Reached XP level 8. HP: 76/79 MP: 12/15
  5804 | D:6      | Noticed Duvessa
  5897 | D:6      | Killed Duvessa
  5898 | D:6      | Reached skill level 7 in Fire Magic
  5903 | D:6      | Noticed Dowan
  5908 | D:6      | Killed Dowan
  6334 | D:6      | Noticed Pikel
  6353 | D:6      | HP: 3/79 [lemure[Pikel] (6)]
  6370 | D:6      | Killed Pikel
  6371 | D:6      | Reached skill level 5 in Fighting
  6371 | D:6      | Reached XP level 9. HP: 16/88 MP: 11/18
  6916 | D:6      | Learned a level 3 spell: Inner Flame
  6920 | D:6      | Learned a level 3 spell: Conjure Flame
  7077 | D:7      | Noticed Joseph
  7110 | D:7      | Reached skill level 8 in Fire Magic
  7120 | D:7      | Noticed Maggie
  7131 | D:7      | Killed Maggie
  7136 | D:6      | Reached * piety under Vehumet
  7136 | D:6      | Offered knowledge of Freeze by Vehumet.
  7409 | D:7      | Got the Tome of Twisted Stones
  7415 | D:7      | Learned a level 4 spell: Iskenderun's Mystic Blast
  7535 | D:7      | Identified the +0 whip of Ambiguity {vorpal, Int+3}
  7807 | D:7      | Reached skill level 9 in Fire Magic
  8193 | D:7      | Found a runed translucent door.
  8194 | D:7      | Noticed Crazy Yiuf
  8200 | D:7      | Killed Crazy Yiuf
  8356 | D:7      | Killed Joseph
  8625 | D:8      | Noticed Maurice
  8631 | D:8      | Killed Maurice
  8632 | D:8      | Reached XP level 10. HP: 87/100 MP: 15/22
  8636 | D:8      | Identified the +3 quarterstaff of Balance {vorpal, rF+ rN+
                  | Int-5 SInv}
  9017 | D:8      | Found Nainui Affar's Distillery.
  9336 | D:9      | Reached skill level 10 in Fire Magic
  9354 | D:9      | Noticed a two-headed ogre
  9524 | D:9      | Noticed a cyan ugly thing
  9528 | D:9      | Noticed blank1's ghost (journeyman DEFE)
  9529 | D:9      | Noticed a flayed ghost
  9532 | D:9      | Found a transporter.
  9544 | D:9      | Found a transporter.
  9778 | D:9      | Found a staircase to the Orcish Mines.
 10179 | D:9      | Killed a two-headed ogre
 10349 | D:9      | Reached skill level 11 in Fire Magic
 10349 | D:9      | Offered knowledge of Magic Dart by Vehumet.
 10630 | D:9      | Reached ** piety under Vehumet
 10746 | D:10     | Entered Level 10 of the Dungeon
 10746 | D:10     | You fall into a shaft and drop 1 floor!
 10746 | D:11     | Noticed an oklob plant
 10747 | D:11     | Found a staircase to the Lair.
 10817 | D:11     | Reached XP level 11. HP: 113/113 MP: 18/24
 11226 | D:10     | Noticed a cyclops
 11241 | D:10     | Killed a cyclops
 11523 | D:10     | Found a portal to a secret trove of treasure.
 11566 | D:10     | Noticed a manticore
 11574 | D:10     | Found the +8 demon blade "Leech" {vamp, Harm Drain rN+}
 11578 | D:10     | Noticed strifetoe's ghost (journeyman MiAK)
 11583 | D:10     | Identified the +6 hunting sling of Ethereal Integrity
                  | {freeze, rElec}
 11587 | D:10     | Found a runed translucent gate.
 11587 | D:10     | Found a runed translucent gate.
 11587 | D:10     | Found a runed translucent gate.
 12000 | D:11     | Noticed a boulder beetle
 12026 | D:11     | HP: 5/113 [boulder beetle (20)]
 12027 | D:11     | Slain by a boulder beetle

Illustrated notes

Levels and vault maps discovered:
D:1:      minmay_arrival_loop, layout_loops_cross
D:2:      layout_basic
D:3:      kennysheep_big_flooded_room, layout_loops_ring,
          mainiacjoe_overflow_cross_hatched, basic_ecumenical_altar,
          gammafunk_ghost_icy, serial_shops, shop,
          chequers_serial_rivers_micro_d, chequers_avenue, solitary_fountain
D:4:      layout_loops_ring, serial_shops, kennysheep_mini_moat, shop_coins,
          shop_fountains, nicolae_stop_n_shop_1
D:5:      layout_basic, minmay_temple_entry_junction_2
D:6:      layout_cave_pods, uniq_pikel, uniq_duvessa
D:7:      layout_cave_pools, uniq_joseph, uniq_crazy_yiuf_cottage, uniq_maggie
D:8:      layout_rooms, serial_shops, nicolae_shop_advertising_works
          [nicolae_subvault_shop_adworks], nrook_pool_corridor, uniq_maurice
D:9:      layout_basic, erik_orc_1, gammafunk_ghost_arena,
          kennysheep_another_room, minivault_26
D:10:     layout_rooms, gammafunk_ghost_split, nicolae_trove_entry_crossroad
D:11:     layout_roguey, dpeg_oklobed_lair, uniq_sonja
Temple:   mainiacjoe_temple_circle_huts

Skill      XL: |  1  2  3  4  5  6  7  8  9 10 |
---------------+-------------------------------+-----
Fighting       | 1 2 3 4 5 6 8 |  8.8
Fire Magic     | 3 4 5 6 7 9 11 | 11.5
Conjurations   | 1 2 3 |  3.3
Spellcasting   | 3 4 5 6 8 9 |  9.8
Dodging        | 2 3 |  3.5
Maces & Flails | |  0.9
Stealth        | |  1.4

Action                   |  1- 3 |  4- 6 |  7- 9 | 10-12 || total
-------------------------+-------+-------+-------+-------++-------
Melee: Unarmed           |     2 |       |       |       ||     2
       Dagger            |    14 |       |       |       ||    14
       Flail             |     1 |    11 |       |       ||    12
       Hunting sling     |       |       |     3 |       ||     3
       Giant spiked club |       |       |       |    13 ||    13
 Fire: Hunting sling     |       |     1 |    11 |    12 ||    24
 Cast: Foxfire           |    54 |    50 |    84 |    24 ||   212
       Scorch            |     3 |    48 |    76 |    72 ||   199
       Flame Wave        |       |     1 |     3 |    11 ||    15
       Conjure Flame     |       |       |     2 |     3 ||     5
       Inner Flame       |       |       |     2 |       ||     2
       Iskenderun's Myst |       |       |       |     1 ||     1
  Use: Scroll            |       |    12 |     4 |     4 ||    20
       Potion            |       |       |     4 |     2 ||     6
Armor: Robe              |    13 |    10 |    21 |       ||    44
       Steam dragon scal |       |       |     5 |    18 ||    23
       Skin              |       |       |     2 |       ||     2
Dodge: Dodged            |    14 |    21 |    59 |    95 ||   189

Table legend: (Time is in decaauts)
 A = Elapsed time spent in this place.
 B = Non-inter-level travel time spent in this place.
 C = Inter-level travel time spent in this place.
 D = Time resting spent in this place.
 E = Time spent auto-exploring this place.
 F = Levels seen in this place.
 G = Mean time per level.
                   A        B        C        D        E       F      G
               +--------+--------+--------+--------+--------+-----+--------+
         Total |  12028 |  11609 |    419 |   3494 |   6112 |  12 | 1002.3 |
       Dungeon |  11639 |  11242 |    397 |   3494 |   5773 |  11 | 1058.1 |
        Temple |    388 |    366 |     22 |      0 |    339 |   1 |  388.0 |
               +--------+--------+--------+--------+--------+-----+--------+

Top non-repeatable levels by time:
     D:6: 1788 daAuts
     D:3: 1600 daAuts
     D:9: 1584 daAuts
     D:7: 1305 daAuts
     D:1: 1094 daAuts
     D:2: 947 daAuts
     D:5: 738 daAuts
     D:4: 709 daAuts
     D:8: 706 daAuts
    D:10: 644 daAuts
    D:11: 521 daAuts
  Temple: 388 daAuts
